 Dungeon Crawl Stone Soup version 0.30.1-9-gdf580d7c3d (webtiles) character file.

Game seed: 8416867906344450716

1167 lonewolfV2 the Trooper (level 8, -2/65 HPs)
             Began as a Demonspawn Chaos Knight on Oct 23, 2023.
             Was a Plaything of Xom.
             Slain by a kobold brigand
             ... wielding a +1 dagger of venom
              (3 damage)
             ... on level 5 of the Dungeon.
             The game lasted 00:10:07 (3652 turns).

lonewolfV2 the Trooper (Demonspawn Chaos Knight)    Turns: 3652, Time: 00:10:08

Health: -2/65      AC: 30    Str: 20 (21) XL:     8   Next: 17%
Magic:  8/8        EV:  3    Int: 13 (14) God:    Xom [......]
Gold:   787        SH:  0    Dex: 16 (17) Spells: 7/7 levels left

rFire   + . .        a - +0 hand axe (chaos)
rCold   . . .        (no shield)
rNeg    . . .        e - +6 crystal plate armour "Diufen" {Dex+5}
rPois   .            (helmet restricted)
rElec   .            (no cloak)
rCorr   .            A - +1 pair of gloves
SInv    .            v - +2 pair of boots
Will    +....        j - amulet of regeneration Stlth
                     p - +6 ring of strength
HPRegen 1.10/turn    (no ring)
MPRegen 0.11/turn

%: clarity
@: confused, mighty, lethally poisoned (-2 -> -19), ambrosia-drunk, hasted, very
quick
A: antennae 1, slimy green scales 1, demonic magic 2, clarity, fire resistance
1, strong-willed 1, mutation resistance 1, screaming 1
a: Renounce Religion


You were on level 5 of the Dungeon.
You worshipped Xom.
You were a very special plaything of Xom.
You visited 1 branch of the dungeon, and saw 5 of its levels.

You collected 1459 gold pieces.
You spent 672 gold pieces at shops.

Inventory:

Hand Weapons
 a - a +0 hand axe of chaos (weapon)
Armour
 b - a +2 leather armour
 e - the +6 crystal plate armour "Diufen" (worn) {Dex+5}
   (You acquired it on level 5 of the Dungeon)

   Dex:       It affects your dexterity (+5).
 q - the +1 plate armour of Noon {Str+4 Int+3}
   (You bought it in a shop on level 2 of the Dungeon)

   Str:       It affects your strength (+4).
   Int:       It affects your intelligence (+3).
 v - a +2 pair of boots (worn)
 A - a +1 pair of gloves (worn)
Jewellery
 h - an amulet of guardian spirit
 j - an amulet of regeneration (around neck)
 p - a +6 ring of strength (left hand)
Scrolls
 m - 2 scrolls of amnesia
 o - a scroll of enchant armour
 r - a scroll of identify
 s - 4 scrolls of teleportation
 x - a scroll of silence
 B - 3 scrolls of noise
Potions
 g - 4 potions of brilliance
 l - a potion of flight
 t - a potion of mutation {unknown}
 u - a potion of invisibility {unknown}
 w - a potion of lignification {unknown}
 z - a potion of cancellation {unknown}
Miscellaneous
 c - a piece from Xom's chessboard (15/15) (quivered)


   Skills:
 + Level 6.3 Fighting
 + Level 5.8 Axes
 + Level 5.3 Armour
 - Level 1.0 Dodging


You had 7 spell levels left.
You didn't know any spells.
Your spell library contained the following spells:

 Spells                   Type           Power      Damage    Failure   Level
 Alistair's Intoxication  Tmut/Pois      0%         N/A       100%        5
 Borgnjor's Vile Clutch   Necr/Erth      0%         N/A       100%        5
 Eringya's Noxious Bog    Tmut/Pois      0%         N/A       100%        6


Dungeon Overview and Level Annotations

Branches:
Dungeon (5/15)
 Temple: D:4-7

Altars:
Hepliaklqana
Kikubaaqudgha
Nemelex Xobeh
Okawaru
Uskayaw
Wu Jian

Shops:
D:2 *

Annotations:
D:4 2 transporters


Innate Abilities, Weirdness & Mutations

You have a pair of small antennae on your head.
You are partially covered in slimy green scales. (AC +2)
Spells you cast may paralyse nearby enemies.
You possess an exceptional clarity of mind.
Your flesh is heat resistant. (rF+)
You are strong-willed. (Will+)
You are somewhat resistant to further mutation.
You occasionally shout uncontrollably at your foes.


Message History

You hit the kobold brigand.
You feel extremely sick. The gnoll barely misses you.
The kobold brigand hits you but does no damage.
The kobold brigand attacks as you move away!
The kobold brigand hits you with a +1 dagger of venom.
* * * LOW HITPOINT WARNING * * *
You are more poisoned.
* * * LOW HITPOINT WARNING * * *
You feel extremely sick. The gnoll hits you but does no damage.
You are confused.
You feel invigorated.
* * * LOW HITPOINT WARNING * * *
You feel extremely sick. The gnoll hits you but does no damage.
The kobold brigand hits you but does no damage.
It was a potion of haste.
You feel yourself speed up.
* * * LOW HITPOINT WARNING * * *
You feel very sick. The gnoll hits you but does no damage.
The kobold brigand hits you but does no damage.
You are more poisoned.
It was a potion of degeneration.
There was something very wrong with that liquid.
You feel weakened.
You feel dopey.
You feel clumsy.
* * * LOW HITPOINT WARNING * * *
You feel very sick. The gnoll hits you but does no damage.
The kobold brigand hits you but does no damage.
You are more poisoned.
It was a potion of might.
You feel very mighty all of a sudden.
Xom roars with laughter!
* * * LOW HITPOINT WARNING * * *
You feel very sick.
You kill the gnoll!
The kobold brigand hits you with a +1 dagger of venom.
You die...
Xom chortles!

.. .. #.. ##. #.. #
.. . #..##. .# .. .
##.#..###.# ...
...#.....##..# ....
#...$##)...###.....
#...@K........# #
.....######))###....
#.# #))........
#.########)#########
#........).#
##......####
...####...#### #
###....###########
####..##......<.


You could see a kobold brigand.

Vanquished Creatures
  A moth of wrath (shapeshifter) (D:4)
  The ghost of Joziah19 the Firebug, an amateur DrFE of Trog (D:4)
  An ogre (D:5)
  A bullfrog (D:4)
  A howler monkey (D:4)
  A gnoll bouda (D:5)
  An orc priest (D:4)
  2 hounds
  2 iguanas (D:5)
  A sleepcap (D:4)
  2 orc wizards (D:3)
  7 gnolls (D:5)
  6 adders
  A shadow imp (D:5)
  A worm (D:2)
  3 dart slugs
  11 orcs
  8 endoplasms
  2 giant cockroaches
  7 goblins
  7 hobgoblins
  3 quokkas
  11 ball pythons
  4 bats
  7 frilled lizards
  14 kobolds
  6 rats
112 creatures vanquished.

Notes
Turn   | Place    | Note
-------+----------+-------------------------------------------
     0 | D:1      | lonewolfV2 the Demonspawn Chaos Knight began the quest for
                  | the Orb.
     0 | D:1      | Reached XP level 1. HP: 18/18 MP: 1/1
   116 | D:1      | Reached skill level 1 in Dodging
   214 | D:1      | XOM: potion effect (might)
   234 | D:1      | Gained mutation: Spells you cast may paralyse adjacent
                  | enemies. [demonic ancestry]
   234 | D:1      | Reached XP level 2. HP: 24/24 MP: 2/2
   571 | D:1      | Gained mutation: You have a pair of small antennae on your
                  | head. [demonic ancestry]
   571 | D:1      | Reached XP level 3. HP: 28/29 MP: 3/3
   859 | D:1      | Identified a scroll of acquirement
   859 | D:1      | Acquired 1219 gold pieces
   967 | D:2      | XOM: 1-stop teleportation journey
  1039 | D:2      | Found a faded altar of an unknown god.
  1098 | D:2      | Found Maexith's Assorted Antiques.
  1106 | D:2      | Bought a steaming plate armour for 672 gold pieces
  1106 | D:2      | Identified the +1 plate armour of Noon {Str+4 Int+3} (You
                  | bought it in a shop on level 2 of the Dungeon)
  1332 | D:2      | Gained mutation: Spells you cast may paralyse nearby
                  | enemies. [demonic ancestry]
  1332 | D:2      | Reached XP level 4. HP: 37/37 MP: 4/4
  1450 | D:2      | XOM: scenery: summon butterflies
  1516 | D:3      | XOM: give mutations
  1516 | D:3      | Gained mutation: Your flesh is heat resistant. (rF+) [Xom's
                  | grace]
  1516 | D:3      | Gained mutation: You are strong-willed. (Will+) [Xom's
                  | grace]
  1516 | D:3      | Gained mutation: You are somewhat resistant to further
                  | mutation. [Xom's grace]
  1516 | D:3      | Gained mutation: You possess an exceptional clarity of
                  | mind. [Xom's grace]
  1518 | D:3      | XOM: potion effect (invisibility)
  1583 | D:3      | XOM: noise
  1702 | D:3      | Identified the +0 robe "Wavvulunk" {*Slow rC+ Int+3}
  1710 | D:3      | XOM: stat loss: -1 Str (23/24)
  1778 | D:3      | Reached skill level 4 in Fighting
  1830 | D:3      | Reached XP level 5. HP: 42/42 MP: 5/5
  1975 | D:3      | XOM: summons 1 hostile shadow creature
  1990 | D:3      | Found a hide-covered altar of Uskayaw.
  1990 | D:3      | Found a hazy altar of Hepliaklqana.
  2358 | D:4      | Found an ancient bone altar of Kikubaaqudgha.
  2457 | D:4      | Found a transporter.
  2481 | D:4      | Found a transporter.
  2560 | D:4      | Found an iron altar of Okawaru.
  2561 | D:4      | Found an ornate altar of the Wu Jian Council.
  2562 | D:4      | Found a sparkling altar of Nemelex Xobeh.
  2602 | D:4      | Gained mutation: You are partially covered in slimy green
                  | scales. (AC +2) [demonic ancestry]
  2602 | D:4      | Reached XP level 6. HP: 46/49 MP: 6/6
  2728 | D:4      | XOM: draining
  2786 | D:4      | Found a runed translucent gate.
  2786 | D:4      | Noticed Joziah19's ghost (amateur DrFE)
  2797 | D:4      | a goblin changed into a glowing shapeshifter
  2797 | D:4      | Noticed a glowing shapeshifter (glowing shapeshifter)
  2797 | D:4      | a glowing shapeshifter changed into a two-headed ogre
  2797 | D:4      | Noticed a two-headed ogre (glowing shapeshifter)
  2802 | D:4      | a two-headed ogre changed into a swamp worm
  2802 | D:4      | Noticed a swamp worm (glowing shapeshifter)
  2803 | D:4      | a swamp worm changed into a deep troll
  2803 | D:4      | Noticed a deep troll (glowing shapeshifter)
  2806 | D:4      | a deep troll changed into a torpor snail
  2806 | D:4      | Noticed a torpor snail (glowing shapeshifter)
  2808 | D:4      | XOM: smoke on damage
  2810 | D:4      | a torpor snail changed into a death drake
  2810 | D:4      | Noticed a death drake (glowing shapeshifter)
  2811 | D:4      | a death drake changed into a cyclops
  2811 | D:4      | Noticed a cyclops (glowing shapeshifter)
  2812 | D:4      | a cyclops changed into a glowing shapeshifter
  2812 | D:4      | Noticed a glowing shapeshifter (glowing shapeshifter)
  2812 | D:4      | XOM: polymorph cyclops -> glowing shapeshifter
  2812 | D:4      | a glowing shapeshifter changed into a moth of wrath
  2812 | D:4      | Noticed a moth of wrath (glowing shapeshifter)
  2817 | D:4      | XOM: butterfly on damage
  2820 | D:4      | Killed a moth of wrath
  2821 | D:4      | Reached skill level 5 in Fighting
  2821 | D:4      | Reached skill level 5 in Axes
  2821 | D:4      | Reached XP level 7. HP: 23/56 MP: 7/7
  3070 | D:4      | Found a runed translucent gate.
  3070 | D:4      | Found a runed translucent gate.
  3070 | D:4      | Identified the +0 ring mail of Gravitas {Dex+2}
  3234 | D:4      | XOM: silly message
  3299 | D:4      | XOM: chaos cloud
  3303 | D:4      | XOM: polymorph orc -> adder
  3328 | D:4      | Killed Joziah19's ghost
  3373 | D:5      | Entered Level 5 of the Dungeon
  3374 | D:5      | XOM: silly message
  3381 | D:5      | Reached skill level 5 in Armour
  3388 | D:5      | Reached skill level 6 in Fighting
  3395 | D:5      | Reached XP level 8. HP: 64/64 MP: 8/8
  3400 | D:5      | Acquired the +6 crystal plate armour "Diufen" {Dex+5}
  3413 | D:5      | XOM: give mutation
  3413 | D:5      | Gained mutation: You occasionally shout uncontrollably at
                  | your foes. [Xom's mischief]
  3651 | D:5      | HP: 3/65 [poisoned by a kobold brigand]
  3652 | D:5      | HP: 1/65 [poisoned by a kobold brigand]
  3652 | D:5      | Slain by a kobold brigand

Illustrated notes

Levels and vault maps discovered:
D:1:      zaba_arrival_water, layout_basic, serial_park_tiny_2, minmay_3d_cube
D:2:      layout_loops_ring, serial_shops, shop, ebering_ecumenical_altar_hall
D:3:      layout_basic, nicolae_overflow_hidden_temple, serial_bayou_crossing
D:4:      gammafunk_cloud_chamber, layout_basic,
          chequers_temple_overflow_statue_of_worship,
          lemuel_coloured_pillars_altar, biasface_ghost_orc_armoury
D:5:      layout_rooms, minmay_temple_entry_wispy

Skill      XL: |  1  2  3  4  5  6  7 |
---------------+----------------------+-----
Dodging        | 1 |  1.0
Armour         | 2 3 4 5 |  5.3
Axes           | 3 4 5 |  5.8
Fighting       | 4 5 6 |  6.3

Action                     |  1- 3 |  4- 6 |  7- 9 || total
---------------------------+-------+-------+-------++-------
  Melee: Hand axe          |   102 |   137 |   133 ||   372
         Punch             |     2 |     5 |     4 ||    11
  Evoke: Piece from Xom's  |       |     1 |     4 ||     5
    Use: Scroll            |     2 |    12 |     2 ||    16
         Potion            |       |     2 |     9 ||    11
   Stab: Paralysed         |       |       |    10 ||    10
         Confused          |       |       |     1 ||     1
 Armour: Leather armour    |    35 |       |       ||    35
         Plate armour      |     4 |   102 |    65 ||   171
         Crystal plate arm |       |       |    97 ||    97
  Dodge: Dodged            |    54 |    49 |    58 ||   161
